AoeStats
← Paco Jidonez

Arabia

509821736Analyzed
1v1 RM · 4d ago on Sep 28, 2026· 32m 34s· 2 players
Game mode
Random Map
Map size
Tiny (2 player)
Population
200
Speed
Normal
Resources
Standard
Victory
Conquest
Starting age
Dark Age
Ending age
Imperial Age
RankedLock teamsTeams togetherTeam positionsShared explorationLock speedFull tech treeHidden civsTurbo modeCheats
Victory
Defeat
🇭🇰 Varangians · Hong Kong SAR China
604
+21
🇲🇽 Magyars · Mexico
722
-21
amuroeric
8:18 Loom
14:49 Feudal Age
15:08 Man-at-Arms
15:34 Arson
20:05 Forging
19:57 Scale Mail Armor
21:51 Horse Collar
21:59 Double-Bit Axe
25:44 Castle Age
27:12 Gold Mining
27:25 Heavy Plow
27:39 Bow Saw
29:06 Chain Mail Armor
29:41 Squires
29:27 Gambesons
29:33 Gambesons
31:20 Wheelbarrow
32:56 Stone Mining
Paco Jidonez
11:20 Feudal Age
18:35 Man-at-Arms
20:52 Horse Collar
21:00 Double-Bit Axe
26:34 Castle Age
26:34 Bloodlines
27:29 Scale Mail Armor
Connection lost

Rejoining the realm…

Still unreachable

The connection could not be restored.

Session expired

The server has moved on; the page needs a fresh start.